Cogmind - Beta 12 @@@ ROGUE MODE // 2023.08.03 @ 01:15:28 Player: ZOT Result: Destroyed by C-17 Slicer with Blade Saw Performance ------------- Evolutions (3) 1500 Regions Visited (4) 800 Robots Destroyed (33) 165 Value Destroyed (1091) 1091 Prototype IDs (5) 100 Alien Tech Used (0) 0 Bonus (9) 9 TOTAL SCORE: 3665 Bonus ------- High Alert Combat Kills 9 Cogmind --------- Core Integrity 0/700 Matter 276/300 Energy 99/100 System Corruption 4% Temperature Cool (0) Movement Core (50) Location -7/Factory Parts ------- > --- POWER (1) -------- (None) > --- PROPULSION (4) --- (None) > --- UTILITY (6) ------ (None) > --- WEAPON (2) ------- (None) > --- INVENTORY (5) ---- Armored Wheel Armored Wheel Armored Wheel Melee Analysis Suite Peak State ------------ > --- POWER ------------ Light Nuclear Core > --- PROPULSION ------- Xenon Bombardment Thruster Xenon Bombardment Thruster Xenon Bombardment Thruster Xenon Bombardment Thruster > --- UTILITY ---------- Improved Heat Sink Small Storage Unit Sensor Array Improved Terrain Scanner Improved Light Armor Plating Improved Shield Generator > --- WEAPON ----------- Improved EM Shotgun Ion Cannon > --- INVENTORY -------- Light Nuclear Core Armored Wheel Armored Wheel Armored Wheel Armored Wheel Melee Analysis Suite Flak Gun Shock Bomb Launcher [Rating: 42] Favorites ----------- Power Light Nuclear Core Engine Light Ion Engine Power Core Light Nuclear Core Propulsion Armored Wheel Treads Improved Treads Leg Improved Aluminum Leg Wheel Armored Wheel Flight Unit Xenon Bombardment Thruster Utility Small Storage Unit Device Sensor Array Storage Small Storage Unit Protection Improved Light Armor Plating Weapon Particle Cannon Energy Gun EM Pulse Gun Energy Cannon Particle Cannon Ballistic Gun Flak Gun Launcher EMP Blaster Build | -11 -10 -9 -8 -7 ------- Run | Jun Mat Mat Mat Fac Slots Evolved 6 | . . 2 2 2 Power . | . . . . . Propulsion 2 | . . 2 . . Utility 4 | . . . 2 2 Weapon . | . . . . . Parts Attached 53 | 8 3 18 9 15 Power 6 | 1 . 2 2 1 Engine 3 | 1 . 2 . . Core 3 | . . . 2 1 Reactor . | . . . . . Propulsion 18 | 2 2 8 1 5 Treads 2 | . . 2 . . Leg 1 | . . . 1 . Wheel 11 | 2 2 6 . 1 Hover . | . . . . . Flight 4 | . . . . 4 Utility 9 | 2 . 1 4 2 Device 7 | 1 . 1 3 2 Storage 1 | 1 . . . . Processor . | . . . . . Hackware . | . . . . . Protection 1 | . . . 1 . Artifact . | . . . . . Weapon 20 | 3 1 7 2 7 Energy Gun 10 | 3 . 3 1 3 Energy Cannon 7 | . 1 3 1 2 Ballistic Gun 1 | . . . . 1 Ballistic Cannon . | . . . . . Launcher 2 | . . 1 . 1 Special Weapon . | . . . . . Impact Weapon . | . . . . . Slashing Weapon . | . . . . . Piercing Weapon . | . . . . . Special Melee Weapon . | . . . . . Unidentified Prototypes 3 | . . 1 1 1 Parts Lost 24 | . . 3 2 19 Power 2 | . . . . 2 Propulsion 7 | . . 1 1 5 Utility 7 | . . 1 . 6 Weapon 8 | . . 1 1 6 Highest Loss Streak 17 | . . 3 1 17 To Critical Strikes . | . . . . . Average Slot Usage (%) 91 | . 100 98 99 67 Engine 7 | . 14 11 3 . Core 2 | . . . 5 4 Treads 8 | . . 18 2 . Leg 1 | . . . 5 2 Wheel 21 | . 28 25 27 7 Flight 2 | . . . . 12 Device 15 | . 14 10 23 18 Storage 9 | . 14 11 9 6 Protection 1 | . . . 3 4 Energy Gun 8 | . 24 7 5 5 Energy Cannon 7 | . 3 10 8 1 Launcher 2 | . . 3 3 . Naked Turns 17 | . . . . 17 Heaviest Build 23 | 13 14 20 22 23 Greatest Support 36 | 26 26 36 36 36 Greatest Overweight (x) 4 | 2 . . . 4 Average Overweight (x) . | . . . . . Largest Inventory Capacity 8 | 8 8 8 8 8 Average Capacity 7 | 7 8 8 8 7 Most Carried 8 | 8 8 8 8 8 Average Carried 7 | 5 7 7 7 6 Final Capacity 8 | 8 8 8 8 5 Final Carried 8 | 7 8 8 8 4 Class Distribution -------------------- 73% | Mutant 19% | Scavenger-Mutant 6% | Sprinter Dominant Class ---------------- Mutant | -10/Materials Mutant | -9/Materials Scavenger-Mutant | -8/Materials Mutant | -7/Factory Resources | -11 -10 -9 -8 -7 ----------- Run | Jun Mat Mat Mat Fac Matter Collected 757 | 279 . 254 129 95 Remotely . | . . . . . Salvage Created 1322 | 117 . 707 306 192 Parts 84 | 10 . 55 10 9 Haulers Intercepted 1 | . . . 1 . Recyclers Shooed 1 | 1 . . . . Parts Field Recycled . | . . . . . Retrieved Matter . | . . . . . Parts Self-Destructed . | . . . . . Prevented . | . . . . . Kills | -11 -10 -9 -8 -7 ------- Run | Jun Mat Mat Mat Fac Combat Hostiles Destroyed 25 | . . 17 4 4 Guns 6 | . . 4 . 2 Cannons 10 | . . 6 4 . AOE 9 | . . 7 . 2 Classes Destroyed 10 | 2 . 6 2 . Tunneler 3 | 2 . 1 . . Hauler 1 | . . . 1 . Recycler 1 | 1 . . . . Operator 1 | . . . 1 . Watcher 2 | . . 1 1 . Swarmer 7 | . . 4 . 3 Grunt 10 | . . 7 3 . Brawler 1 | . . 1 . . Duelist 1 | . . 1 . . Sentry 6 | . . 4 1 1 Best Kill Streak 10 | 3 . 10 2 2 Combat Bots Only 8 | . . 8 2 2 Max Kills in Single Turn 2 | 1 . 2 1 1 Gunslinging . | . . . . . Exploded 2 | . . 2 . 1 Melee . | . . . . . Uniques/NPCs Destroyed . | . . . . . Combat | -11 -10 -9 -8 -7 -------- Run | Jun Mat Mat Mat Fac Damage Taken 2979 | 9 . 815 384 1771 Core 987 | 9 . 162 98 718 Absorbed by Shields 20 | . . . . 20 Core Remaining (%) 83 | 96 96 59 82 . Volleys Fired 99 | 9 . 43 33 14 Largest 2 | 1 . 2 2 2 Hottest 133 | 40 . 113 133 133 Shots Fired 141 | 9 . 72 43 17 Gun 60 | 9 . 29 8 14 Cannon 70 | . . 35 33 2 Launcher 11 | . . 8 2 1 Special . | . . . . . Kinetic 3 | . . . . 3 Thermal 85 | . . 39 41 5 Explosive . | . . . . . Electromagnetic 53 | 9 . 33 2 9 Robot Hit Streak 19 | 4 . 8 8 19 Robot Miss Streak 7 | 1 . 3 2 7 Penetration Max . | . . . . . Secondary Targets . | . . . . . Shots Hit Robots 98 | 7 . 43 34 14 Core Hits 51 | 4 . 27 8 12 Critical Kills 1 | . . . 1 . Critical Parts Destroyed . | . . . . . Critical Strikes 2 | . . 1 1 . Meltdown 1 | . . . 1 . Corrupt 1 | . . 1 . . Melee Attacks . | . . . . . Impact . | . . . . . Slashing . | . . . . . Piercing . | . . . . . Sneak Attacks . | . . . . . Combat Hostiles . | . . . . . Follow-up Attacks . | . . . . . Damage Inflicted 2292 | 134 . 1040 702 416 Guns 700 | 92 . 305 106 197 Cannons 977 | . . 403 533 41 Explosions 615 | 42 . 332 63 178 Melee . | . . . . . Ramming . | . . . . . Kinetic 27 | . . . . 27 Thermal 1449 | 42 . 580 639 188 Explosive . | . . . . . Electromagnetic 816 | 92 . 460 63 201 Impact . | . . . . . Slashing . | . . . . . Piercing . | . . . . . Highest Corruption 4 | . . . . 4 Average Corruption 4 | . . . . 4 Corruption Purged . | . . . . . Corruption Blocked . | . . . . . Overload Shots . | . . . . . Overflow Damage 58 | . . . 34 24 Projectiles 34 | . . . 34 . Explosions 24 | . . . . 24 Melee . | . . . . . Knockbacks . | . . . . . Impact . | . . . . . Kinetic . | . . . . . Secondary . | . . . . . Self-Inflicted Damage 122 | 9 . 38 . 75 Shots 5 | 1 . 2 . 2 Rammed . | . . . . . Targets Rammed . | . . . . . Kicked . | . . . . . Crushed . | . . . . . Highest Temperature 450 | 7 . 339 450 54 Average Temperature 117 | 4 . 111 136 25 Received Heat Transfer 597 | . . 330 225 42 Effects 15 | . . 9 6 . Shutdowns 1 | . . . 1 . Energy Bleed 3 | . . 3 . . Interference 3 | . . 3 . . Matter Decay 2 | . . 1 1 . Short Circuit 2 | . . 2 . . Damage (major) 4 | . . . 4 . Siege Activations . | . . . . . Robots Corrupted . | . . . . . Combat Hostiles . | . . . . . Parts Fried 3 | 2 . . 1 . Impact Corruptions . | . . . . . Robots Melted 1 | . . . 1 . Combat Hostiles . | . . . . . Parts Melted 6 | . . . 5 1 Heat Transferred 2681 | . . 1125 1221 335 Parts Sabotaged . | . . . . . Parts Stolen . | . . . . . Parts Stripped . | . . . . . Power Chain Reactions 6 | 1 . 3 . 2 Missiles Intercepted . | . . . . . Alert | -11 -10 -9 -8 -7 ------- Run | Jun Mat Mat Mat Fac Peak Influence 419 | 15 14 419 335 328 Initial 176 | . 9 5 176 151 Average 165 | 5 13 183 258 172 Maximum Alert Level 2 | . . 2 1 1 Low Security (%) 59 | 100 100 61 8 70 Level 1 37 | . . 31 91 29 Level 2 2 | . . 7 . . Level 3 . | . . . . . Level 4 . | . . . . . Level 5 . | . . . . . High Security . | . . . . . Max Security . | . . . . . Squads Dispatched 6 | . . . 2 4 Investigation 2 | . . . . 2 Extermination . | . . . . . Reinforcement 2 | . . . 1 1 Assault 1 | . . . . 1 Garrison 1 | . . . 1 . Intercept . | . . . . . Searches Triggered . | . . . . . Construction Impeded . | . . . . . Haulers Reinforced . | . . . . . Active Scanning Responses . | . . . . . Cargo Convoy Interrupts . | . . . . . Stealth | -11 -10 -9 -8 -7 --------- Run | Jun Mat Mat Mat Fac Distress Signals 2 | . . 1 1 . Communications Jammed . | . . . . . Distress Signals . | . . . . . Times Spotted 48 | . . 21 9 18 Peak Tracking Total 6 | . . 6 2 6 Tactical Retreats 7 | . . 4 . 3 Traps | -11 -10 -9 -8 -7 ------- Run | Jun Mat Mat Mat Fac Traps Triggered . | . . . . . Indirectly . | . . . . . Trap Hack Attempts . | . . . . . Triggered . | . . . . . Disarmed 23 | . 6 6 . 11 Reprogrammed . | . . . . . Reused . | . . . . . Traps Extracted . | . . . . . Installed . | . . . . . Triggered . | . . . . . Machines | -11 -10 -9 -8 -7 ---------- Run | Jun Mat Mat Mat Fac Machines Disabled 4 | . . 1 . 3 Max in Single Turn 1 | . . 1 . 1 Garrison Access 1 | . . . . 1 Machines Repaired . | . . . . . Machines Sabotaged . | . . . . . Overloaded Fab Kills . | . . . . . Hacking | -11 -10 -9 -8 -7 --------- Run | Jun Mat Mat Mat Fac Machines Accessed 14 | . 3 4 3 4 Terminals 11 | . 3 3 3 2 Fabricators 2 | . . . . 2 Repair Stations . | . . . . . Recycling Units . | . . . . . Scanalyzers 1 | . . 1 . . Garrison Access . | . . . . . Total Hacks 50 | . 8 15 11 16 Successful 25 | . 5 9 2 9 Failed 25 | . 3 6 9 7 Catastrophic 4 | . . 1 2 1 Database Lockouts . | . . . . . Manual 19 | . . 8 9 2 Terminals 36 | . 8 11 11 6 Fabricators 10 | . . . . 10 Repair Stations . | . . . . . Recycling Units . | . . . . . Scanalyzers 4 | . . 4 . . Garrison Access . | . . . . . Terminal Hacks 14 | . 5 4 1 4 Prototype ID Bank 1 | . . . 1 . Branch Access Points 1 | . . 1 . . Alert Level 1 | . 1 . . . Unreport Threat 1 | . . . . 1 Locate Traps 3 | . 1 1 . 1 Disarm Traps 4 | . 1 1 . 2 Zone Layout 3 | . 2 1 . . Fabricator Hacks 3 | . . . . 3 Network Status 1 | . . . . 1 Load Schematic 1 | . . . . 1 Build 1 | . . . . 1 Repair Station Hacks . | . . . . . Recycling Unit Hacks . | . . . . . Scanalyzer 4 | . . 4 . . Insert Component 2 | . . 2 . . Analyze 2 | . . 2 . . Garrison Access Hacks . | . . . . . Unauthorized Hacks 4 | . . 1 1 2 Terminals 2 | . . 1 1 . Assimilate 2 | . . 1 1 . Fabricators 2 | . . . . 2 Report 1 | . . . . 1 Fabnet 1 | . . . . 1 Repair Stations . | . . . . . Recycling Units . | . . . . . Scanalyzers . | . . . . . Garrison Access . | . . . . . Data Cores Recovered 1 | . . . 1 . Used . | . . . . . Hacking Detections 14 | . 3 4 3 4 Full Trace Events 3 | . . 1 . 2 Feedback Events . | . . . . . Feedback Blocked . | . . . . . Robot Schematics Acquired . | . . . . . Robots Built . | . . . . . Authchips . | . . . . . Time . | . . . . . Total Robot Build Rating . | . . . . . Part Schematics Acquired 2 | . . 2 . . Parts Built 2 | . . . . 2 Authchips . | . . . . . Time 62 | . . . . 62 Total Part Build Rating 4 | . . . . 4 Parts Repaired . | . . . . . Time . | . . . . . Parts Recycled . | . . . . . Recycled Matter . | . . . . . Retrieved Matter . | . . . . . Retrieved Components . | . . . . . Parts Scanalyzed 2 | . . 2 . . Part Schematics Acquired 2 | . . 2 . . Parts Damaged . | . . . . . Bothacking | -11 -10 -9 -8 -7 ------------ Run | Jun Mat Mat Mat Fac Used RIF Installer . | . . . . . Robots Hacked . | . . . . . Non-combat . | . . . . . Combat . | . . . . . Robot Hacks Applied . | . . . . . Relay Couplers Released . | . . . . . Fabnet Peak Effective % . | . . . . . Robots Rewired . | . . . . . Allies Hacked . | . . . . . Hacks Repelled . | . . . . . Allies | -11 -10 -9 -8 -7 -------- Run | Jun Mat Mat Mat Fac Total Allies . | . . . . . Largest Group . | . . . . . Highest-Rated Group . | . . . . . Highest-Rated Ally . | . . . . . Total Orders . | . . . . . Ally Attacks . | . . . . . Total Damage . | . . . . . Kills . | . . . . . Allies Corrupted . | . . . . . Allies Melted . | . . . . . Intel | -11 -10 -9 -8 -7 ------- Run | Jun Mat Mat Mat Fac Robot Analysis Total . | . . . . . Derelict Logs Recovered . | . . . . . Drone Launches . | . . . . . Drone Recoveries . | . . . . . Exploration | -11 -10 -9 -8 -7 ------------- Run | Jun Mat Mat Mat Fac Turns Passed 1438 | 91 161 594 282 310 Spaces Moved 1018 | 55 158 309 153 343 Core 71 | 12 . . . 59 Treads . | . . . . . Legs . | . . . . . Wheels 741 | 43 158 309 153 78 Hover . | . . . . . Flight 206 | . . . . 206 Fastest Speed 31 | 50 85 90 90 31 Average Speed 78 | 91 89 90 90 55 Slowest Speed 280 | 150 90 90 90 280 Overloaded Moves . | . . . . . Propulsion Burnouts . | . . . . . Robots Hopped . | . . . . . Cave-ins Triggered . | . . . . . Exploration Rate (%) 21 | 4 45 29 16 12 Regions Visited 4 Branch Regions . Pre-discovered Areas . | . . . . . Known Exits Taken . | . . . . . Unknown Exits Taken 4 | 1 1 1 1 . Scrap Searched . | . . . . . Spaces Dug . | . . . . . Terrain Destroyed 14 | 3 . 8 . 3 Melee . | . . . . . Projectile . | . . . . . AOE 14 | 3 . 8 . 3 Terrain Rammed . | . . . . . Walls Destroyed . | . . . . . Machines Disabled . | . . . . . Actions | -11 -10 -9 -8 -7 --------- Run | Jun Mat Mat Mat Fac Total 1519 | 86 179 554 254 446 Wait 285 | . 7 166 48 64 Move 1014 | 54 157 308 152 343 Hop . | . . . . . Pick Up 36 | 14 5 9 5 3 Fast Attach 12 | 1 1 . 3 7 Attach 22 | 6 . 5 3 8 Detach 1 | . . . . 1 Swap 20 | 1 2 13 4 . Drop 30 | 1 7 10 6 6 Fire 99 | 9 . 43 33 14 Melee . | . . . . . Ram . | . . . . . Kick . | . . . . . Crush . | . . . . . Escape Stasis . | . . . . . Rewire . | . . . . . Trap . | . . . . . Miscellaneous . | . . . . . Route ------- -11/Junkyard -10/Materials (discovered 2 exits: *Mat / [*Min]) -9/Materials (discovered 2 exits: *Mat / Min) -8/Materials -7/Factory History --------- Turn | Location | Event 11 | -11/Junkyard | Discovered new exit (range 15) 92 | -11/Junkyard | Entered Materials 131 | -10/Materials | Discovered new exit (range 16) 208 | -10/Materials | Discovered new exit (range 15) 253 | -10/Materials | Entered another Materials area 253 | -9/Materials | Evolved 2 slots: Propulsion x2 272 | -9/Materials | Identified exit to Mines 316 | -9/Materials | Build established: Mutant 687 | -9/Materials | Lost 3 parts (1n1u1w) 817 | -9/Materials | Discovered new exit (range 8) 826 | -9/Materials | Destroyed 8 combat bots 847 | -9/Materials | Entered another Materials area 847 | -8/Materials | Evolved 2 slots: Utility x2 1011 | -8/Materials | Garrison activated, responded to threat 1114 | -8/Materials | Discovered new exit (range 16) 1129 | -8/Materials | Entered Factory 1129 | -7/Factory | Evolved 2 slots: Utility x2 1303 | -7/Factory | Fabricated Arm. Wheel (x2) 1393 | -7/Factory | Core integrity fell below 50% 1425 | -7/Factory | Core integrity fell below 20% 1439 | -7/Factory | Destroyed by C-17 Slicer with Blade Saw Last Messages --------------- 01402_ Fabricator disabled. 01402_ Arc Projector destroyed. 01402_ Destroyed Arc Projector. 01404_ Acquired 27 matter. 01406_ H-55 Commando retrieves Drone. 01406_ Slug penetrates Wall. 01409_ Slug penetrates Nuclear Reactor. 01411_ U-05 Engineer lays Concrete. 01417_ R-06 Scavenger collects Corrupted Lgt. Nuclear Core. 01418_ U-05 Engineer lays Concrete. 01419_ Slug penetrates Nuclear Reactor. 01421_ R-06 Scavenger collects Autogun. 01421_ U-05 Engineer lays Concrete. 01422_ Sml. Storage Unit destroyed. 01422_ System corrupted by crushing effect (+4). 01422_ Knocked back. 01423_ U-05 Engineer lays Concrete. 01427_ Knocked back. 01427_ C-17 Slicer knocked back. 01431_ O-24 Administrator: "IFF HANDSHAKE FAILED. SECURING TERMINAL." Map ----- +----------------------------------------------------+ | ?????????????????????????????????????????????????? | | ?????????????????????????????????????????????????? | | ?????????????????????????????????????????????????? | | ?????????????????????????????????????????????????? | | ?????????????????????????????????????????????????? | | ###?????? ???????????????????????????????????????? | | #?????? ???????????????????????????????????????? | | #?????? ???????????????????????????????????????? | | #?????? ???????????????????????????????????????? | | #?????? ???????????????????????????????????????? | | #?????? ??????????????+#???????????????????????? | | #?????? ?????????????? #???????????????????????? | | #?????# #????????????? #???????????????????????? | | #?????# #????????????# #???????????????????????? | | #?????+ #????????????# #???????????????????????? | | #?????# #???????????## ##??????????????????????? | | #?????# #???????????# #??????????????????????? | | #?????# #???????????# #??????????????????????? | | #######?# #???????????+ #??????????????????????? | | ### ############# #??????????????????????? | | #??????????????????????? | | c #??????????????????????? | | """ """" """" """" """" #??????????????????????? | | """ """" """" """" """" c #??????????????????????? | | """ """" """" """" """" c #??????????????????????? | | r @#??????????????????????? | | """ """" """" """" """" ?????????????????????? | | """ """" """" """" """" ???????????????????? | | """ """" """" """" """" ?????????????????? | | ? ? ???????????????? | | ?? ?? ?? ?? ?????????????? | | ?? ??###??###??########+########## ???????????? | | ?? ??????????????????? ???????????#??????????? | | ??? ????????????????????" ??????????????????????? | | ??? ???????????????????? ??????????????????????? | | ????????????????????????" ??????????????????????? | | ???????????????????????? ""?????????????????????? | | ????????????????????????? ""?????????????????????? | | ????????????????????????? ???????????????????????? | | ????????????????????????? ???????????????????????? | | ?????????????????????????#???????????????????????? | | ?????????????????????????????????????????????????? | | ?????????????????????????????????????????????????? | | ?????????????????????????????????????????????????? | | ?????????????????????????????????????????????????? | | ?????????????????????????????????????????????????? | | ?????????????????????????????????????????????????? | | ?????????????????????????????????????????????????? | | ?????????????????????????????????????????????????? | | ?????????????????????????????????????????????????? | +----------------------------------------------------+ Best States ------------- Heat Dissipation 48 Energy Generation 14 Energy Capacity 265 Matter Stores 300 Matter Capacity 300 Sight Range 16 Robot Scan Range 14 Terrain Scan Range 16 Terrain Scan Density 10 Armor Coverage 150 Evasion (%) 63 Item Schematics ----------------- Sensor Array | -9/Materials | Scanalyzed Arm. Wheel | -9/Materials | Scanalyzed Robot Schematics ------------------ None Fabricated ------------ Arm. Wheel | x2 | -7/Factory Alien Tech Used ----------------- None Achievements -------------- None Challenges ------------ None Game ------ Seed CombatConstructTerminator Manual? 0 Play Time 00:35:57 Cumulative 77.2 hours Start 2023.08.03 @ 00:40:13 End 2023.08.03 @ 01:15:28 Sessions 1 Manual Loads 0 Difficulty Rogue Special Mode None Game No. 99 Rogue 99 Adventurer 0 Explorer 0 Win Type - Total 0 Types 0/0/0/0/0/0/0/0/0 Lore% 27 Gallery% 41 Achievement% 28 Wizard Run 0 Options --------- ASCII 0 Keyboard 0 Movement Mouse Keybinds 0 Fullscreen 1 Font 24/Smallcaps Map View 76x50 Tactical HUD 1 Map Filters NONE Filters NONE Steam 1 RUN: 34a24baa-30e3-4a22-9562-443d5a18a599